 Dungeon Crawl Stone Soup version 0.30-a0-304-gdc4b735fe1 (webtiles) character file.

Game seed: 13600450816260293224

872 sleeves the Shooter (level 7, -1/32 HPs)
             Began as a Spriggan Hexslinger on Oct 20, 2022.
             Killed by divine providence
             ... invoked by an orc priest
              (11 damage)
             ... on level 6 of the Dungeon.
             The game lasted 00:10:55 (5858 turns).

sleeves the Shooter (Spriggan Hexslinger)           Turns: 5858, Time: 00:10:55

Health: -1/32      AC:  2    Str:  6    XL:     7   Next: 74%
Magic:  18/19      EV: 32    Int: 14    God:
Gold:   311        SH:  0    Dex: 18    Spells: 4/8 levels left

rFire   + . .      SeeInvis +    a - +1 sling
rCold   . . .      Faith    .    (no shield)
rNeg    . . .      Spirit   .    c - +0 robe
rPois   .          Reflect  .    (helmet restricted)
rElec   .          Harm     .    (no cloak)
rCorr   .          Rampage  .    (gloves unavailable)
Will    +....                    (boots unavailable)
Stlth   ++........               s - amulet of the acrobat
HPRegen 0.25/turn                w - ring of magical power
MPRegen 0.16/turn                y - ring of protection from fire

@: acrobatic, very quick
A: very small, no large weapons, unfitting armour, see invisible, speed 3
a: no special abilities


You were on level 6 of the Dungeon.
You visited 1 branch of the dungeon, and saw 6 of its levels.

You collected 311 gold pieces.

Inventory:

Hand Weapons
 a - a +1 sling (weapon)
Armour
 c - a +0 robe (worn)
 h - a +0 cloak
   (You found it on level 1 of the Dungeon)
Jewellery
 s - an amulet of the acrobat (around neck)
   (You found it on level 3 of the Dungeon)
 t - an amulet of guardian spirit
   (You found it on level 3 of the Dungeon)
 w - a ring of magical power (left hand)
   (You found it on level 4 of the Dungeon)
 y - a ring of protection from fire (right hand)
   (You found it on level 5 of the Dungeon)
Wands
 z - a wand of mindburst (14)
   (You found it on level 5 of the Dungeon)
 E - a wand of roots (23)
   (You found it on level 6 of the Dungeon)
Scrolls
 b - 2 scrolls of poison
 f - 3 scrolls of vulnerability {unknown}
 g - 11 scrolls of identify {unknown}
 i - 2 scrolls of teleportation {unknown}
 l - 2 scrolls of torment {unknown}
 m - 2 scrolls of magic mapping {unknown}
 n - a scroll of butterflies {unknown}
 q - 4 scrolls of enchant armour {unknown}
 u - a scroll of amnesia {unknown}
 v - 2 scrolls of blinking {unknown}
 x - a scroll of enchant weapon {unknown}
 A - a scroll of silence {unknown}
 B - a scroll of fear {unknown}
Potions
 d - 2 potions of brilliance {unknown}
 e - 2 potions of cancellation {unknown}
 j - 2 potions of ambrosia {unknown}
 k - a potion of resistance {unknown}
 o - a potion of haste {unknown}
 p - 2 potions of might {unknown}
 r - a potion of curing {unknown}
 C - a potion of heal wounds {unknown}
 D - a potion of flight {unknown}
 F - a potion of lignification {unknown}


   Skills:
 - Level 0.7 Fighting
 + Level 7.4 Ranged Weapons
 - Level 2.6 Dodging
 - Level 1.3 Spellcasting
 + Level 7.1 Hexes


You had 4 spell levels left.
You knew the following spells:

 Your Spells              Type           Power      Damage    Failure   Level
a - Slow                  Hex            80%        N/A       1%          1
b - Inner Flame           Hex/Fire       10%        N/A       19%         3

Your spell library contained the following spells:

 Spells                   Type           Power      Damage    Failure   Level
 Cause Fear               Hex            10%        N/A       14%         4
 Portal Projectile        Hex/Tloc       20%        N/A       19%         3
 Necrotise                Necr           0%         1d4       26%         1
 Vampiric Draining        Necr           0%         2d6       58%         3
 Agony                    Necr           0%         N/A       100%        5


Dungeon Overview and Level Annotations

Branches:
Dungeon (6/15)
 Temple: D:4-7

Altars:
Ashenzari
Elyvilon
Fedhas
Gozag
Makhleb
Nemelex Xobeh
Ru
Trog
Vehumet
Wu Jian
Xom
Yredelemnul
Zin

Shops:
D:2 :=([*   D:3 (

Annotations:
D:4 1 runed translucent door, themarg's ghost, amateur MiMo
D:5 Grinder


Innate Abilities, Weirdness & Mutations

You are very small and have problems with some larger weapons.
You are too small for most types of armour.
You have supernaturally acute eyesight. (SInv)
You cover ground extremely quickly. (Speed+++)


Message History

Beogh smites you!
* * * LOW HITPOINT WARNING * * *
There is an open door here.
There is an open door here.
There is a stone staircase leading up here.
You climb upwards.
Level annotation: 1 runed translucent door, themarg's ghost, amateur MiMo
There is a stone staircase leading down here.
You start resting.
HP restored.
You climb downwards.
Level annotation: Grinder
There is a stone staircase leading up here.
You shoot a sling bullet.
The sling bullet closely misses the orc wizard.
The orc wizard casts a spell.
The orc wizard flickers and vanishes for a moment.
You shoot a sling bullet.
The sling bullet hits the orc wizard but does no damage.
The orc wizard gestures at you while chanting.
The puff of flame hits you. You resist.
Casting: Slow (safe; 3% risk of failure)
Confirm with . or Enter, or press ? or * to list all spells.
Aiming: Slow (safe; 3% risk of failure)
Press: ? - help, Shift-Dir - straight line, f/p - orc wizard
Aim: an orc wizard, wielding a +0 dagger and wearing a +0 robe (slightly transparent, chance to affect: 49%)
The orc wizard seems to slow down.
No target in view!
The orc wizard points at you and mumbles some strange words.
The puff of flame misses you.
Fire: a) +1 sling
Press: ? - help, Q - select action, (/) - cycle Shift-Dir - straight line, f/p - orc wizard
Aim: an orc wizard, wielding a +0 dagger and wearing a +0 robe (slightly transparent, slow, 56% to hit)
You shoot a sling bullet.
The sling bullet completely misses the orc wizard.
Fire: a) +1 sling
Press: ? - help, Q - select action, (/) - cycle Shift-Dir - straight line, f/p - orc wizard
Aim: an orc wizard, wielding a +0 dagger and wearing a +0 robe (slightly transparent, slow, 56% to hit)
You shoot a sling bullet.
The sling bullet hits the orc but does no damage.
Fire: a) +1 sling
Press: ? - help, Q - select action, (/) - cycle Shift-Dir - straight line, f/p - orc wizard
Aim: an orc wizard, wielding a +0 dagger and wearing a +0 robe (slightly transparent, slow, 56% to hit)
You shoot a sling bullet.
The sling bullet hits the orc wizard but does no damage.
Fire: a) +1 sling
Press: ? - help, Q - select action, (/) - cycle Shift-Dir - straight line, f/p - orc wizard
Aim: an orc wizard, wielding a +0 dagger and wearing a +0 robe (slightly transparent, slow, 56% to hit)
You shoot a sling bullet. The sling bullet barely misses the orc.
The sling bullet hits the orc wizard.
The orc wizard is lightly wounded.
The orc barely misses you.
Fire: a) +1 sling
Press: ? - help, Q - select action, (/) - cycle Shift-Dir - straight line, f/p - orc wizard
Aim: an orc wizard, wielding a +0 dagger and wearing a +0 robe (lightly wounded, slightly transparent, slow, 56% to hit)
You shoot a sling bullet. The sling bullet hits the orc.
The orc is almost dead.
The orc barely misses you.
Fire: a) +1 sling
Press: ? - help, Q - select action, (/) - cycle Shift-Dir - straight line, f/p - orc wizard
Aim: an orc wizard, wielding a +0 dagger and wearing a +0 robe (lightly wounded, slightly transparent, slow, 56% to hit)
You shoot a sling bullet. The sling bullet hits the orc!
You kill the orc!
Fire: a) +1 sling
Press: ? - help, Q - select action, (/) - cycle Shift-Dir - straight line, f/p - orc wizard
Aim: an orc wizard, wielding a +0 dagger and wearing a +0 robe (lightly wounded, slightly transparent, slow, 56% to hit)
You shoot a sling bullet. The sling bullet hits the orc wizard!
The orc wizard is severely wounded.
Fire: a) +1 sling
Press: ? - help, Q - select action, (/) - cycle Shift-Dir - straight line, f/p - orc wizard
Aim: an orc wizard, wielding a +0 dagger and wearing a +0 robe (severely wounded, slightly transparent, slow, 56% to hit)
You shoot a sling bullet. The sling bullet hits the orc wizard.
You kill the orc wizard!
A jelly comes into view.
A jelly is nearby!
A jelly is nearby!
You shoot a sling bullet. The jelly quivers.
The sling bullet hits the jelly.
The jelly is heavily wounded.
You shoot a sling bullet. The sling bullet hits the jelly.
The jelly is severely wounded.
You shoot a sling bullet. The sling bullet hits the jelly.
You kill the jelly!
A scorpion comes into view.
A scorpion is nearby!
You shoot a sling bullet.
The sling bullet completely misses the scorpion.
Casting: Slow (safe; 2% risk of failure)
Confirm with . or Enter, or press ? or * to list all spells.
Aiming: Slow (safe; 2% risk of failure)
Press: ? - help, Shift-Dir - straight line, f/p - scorpion
Aim: a scorpion (chance to affect: 50%)
The scorpion seems to slow down.
You shoot a sling bullet.
The sling bullet barely misses the scorpion.
You shoot a sling bullet.
The sling bullet barely misses the scorpion.
You shoot a sling bullet.
The sling bullet barely misses the scorpion.
You shoot a sling bullet. The sling bullet hits the scorpion.
The scorpion is lightly wounded.
You shoot a sling bullet.
The sling bullet hits the scorpion but does no damage.
The scorpion is lightly wounded.
You shoot a sling bullet. The sling bullet hits the scorpion.
The scorpion is lightly wounded.
You shoot a sling bullet. The sling bullet hits the scorpion!
The scorpion is severely wounded.
You shoot a sling bullet.
The sling bullet barely misses the scorpion.
The scorpion is no longer moving slowly.
You shoot a sling bullet.
The sling bullet hits the scorpion but does no damage.
The scorpion is severely wounded.
Casting: Slow (safe; 2% risk of failure)
Confirm with . or Enter, or press ? or * to list all spells.
Aiming: Slow (safe; 2% risk of failure)
Press: ? - help, Shift-Dir - straight line, f/p - scorpion
Aim: a scorpion (severely wounded, chance to affect: 50%)
The scorpion seems to slow down.
The scorpion stings you.
You shoot a sling bullet. The sling bullet hits the scorpion.
The scorpion is almost dead.
The scorpion completely misses you.
Fire: a) +1 sling
Press: ? - help, Q - select action, (/) - cycle Shift-Dir - straight line, f/p - scorpion
Aim: a scorpion (almost dead, slow, 63% to hit)
You shoot a sling bullet.
The sling bullet closely misses the scorpion.
Fire: a) +1 sling
Press: ? - help, Q - select action, (/) - cycle Shift-Dir - straight line, f/p - scorpion
Aim: a scorpion (almost dead, slow, 63% to hit)
You shoot a sling bullet.
The sling bullet hits the scorpion but does no damage.
The scorpion is almost dead.
Fire: a) +1 sling
Press: ? - help, Q - select action, (/) - cycle Shift-Dir - straight line, f/p - scorpion
Aim: a scorpion (almost dead, slow, 63% to hit)
You shoot a sling bullet.
The sling bullet barely misses the scorpion.
Unknown command.
Unknown command.
Fire: a) +1 sling
Press: ? - help, Q - select action, (/) - cycle Shift-Dir - straight line, f/p - scorpion
Aim: a scorpion (almost dead, slow, 63% to hit)
You shoot a sling bullet.
The sling bullet hits the scorpion but does no damage.
The scorpion is almost dead.
Fire: a) +1 sling
Press: ? - help, Q - select action, (/) - cycle Shift-Dir - straight line, f/p - scorpion
Aim: a scorpion (almost dead, slow, 63% to hit)
You shoot a sling bullet.
The sling bullet barely misses the scorpion.
Fire: a) +1 sling
Press: ? - help, Q - select action, (/) - cycle Shift-Dir - straight line, f/p - scorpion
Aim: a scorpion (almost dead, slow, 63% to hit)
You shoot a sling bullet.
The sling bullet closely misses the scorpion.
The scorpion closely misses you.
Fire: a) +1 sling
Press: ? - help, Q - select action, (/) - cycle Shift-Dir - straight line, f/p - scorpion
Aim: a scorpion (almost dead, slow, 63% to hit)
You shoot a sling bullet. The sling bullet hits the scorpion.
You kill the scorpion!
Unknown command.
HP restored.
An orc is nearby!
You shoot a sling bullet.
The sling bullet closely misses the orc.
The orc shouts!
You shoot a sling bullet. The sling bullet hits the orc.
The orc is heavily wounded.
You shoot a sling bullet. The sling bullet hits the orc.
You kill the orc!
There is an open door here.
You open the door.
A white imp comes into view.
A white imp is nearby!
A white imp is nearby!
You shoot a sling bullet. The sling bullet hits the white imp.
The white imp shouts!
The white imp is lightly wounded.
Casting: Slow (safe; 2% risk of failure)
Confirm with . or Enter, or press ? or * to list all spells.
Aiming: Slow (safe; 2% risk of failure)
Press: ? - help, Shift-Dir - straight line, f/p - white imp
Aim: a white imp (lightly wounded, chance to affect: 58%)
The white imp resists with significant effort.
The white imp grins evilly.
The white imp gestures at you. The puff of frost hits you!
There is an open door here.
The white imp puffs mist at you.
The white imp shouts, "Escape, thou erky pigeon-egg prigger-of-prances!"
Casting: Slow (safe; 2% risk of failure)
Confirm with . or Enter, or press ? or * to list all spells.
Aiming: Slow (safe; 2% risk of failure)
Press: ? - help, Shift-Dir - straight line, f/p - white imp
Aim: a white imp (lightly wounded, chance to affect: 58%)
The white imp resists with significant effort.
The white imp gestures at you. The puff of frost hits you!
* * * LOW HITPOINT WARNING * * *
There is a stone staircase leading up here.
Casting: Slow (safe; 2% risk of failure)
Confirm with . or Enter, or press ? or * to list all spells.
You can't see any susceptible monsters within range! (Use Z to cast anyway.) Unknown command.
Unknown command.
You climb upwards.
Level annotation: 1 runed translucent door, themarg's ghost, amateur MiMo
There is a stone staircase leading down here.
You start resting.
Magic restored.
You start resting.
HP restored.
You climb downwards.
Level annotation: Grinder
There is a stone staircase leading up here.
Casting: Slow (safe; 2% risk of failure)
Confirm with . or Enter, or press ? or * to list all spells.
Aiming: Slow (safe; 2% risk of failure)
Press: ? - help, Shift-Dir - straight line, f - white imp
Aim: a white imp (chance to affect: 58%)
The white imp resists with significant effort.
Casting: Slow (safe; 2% risk of failure)
Confirm with . or Enter, or press ? or * to list all spells.
Aiming: Slow (safe; 2% risk of failure)
Press: ? - help, Shift-Dir - straight line, f/p - white imp
Aim: a white imp (chance to affect: 58%)
The white imp seems to slow down.
The white imp gestures at you. The puff of frost hits you!
Fire: a) +1 sling
Press: ? - help, Q - select action, (/) - cycle Shift-Dir - straight line, f/p - white imp
Aim: a white imp (slow, 63% to hit)
You shoot a sling bullet. The sling bullet hits the white imp.
The white imp is moderately wounded.
Fire: a) +1 sling
Press: ? - help, Q - select action, (/) - cycle Shift-Dir - straight line, f/p - white imp
Aim: a white imp (moderately wounded, slow, 63% to hit)
You shoot a sling bullet.
The sling bullet closely misses the white imp.
Fire: a) +1 sling
Press: ? - help, Q - select action, (/) - cycle Shift-Dir - straight line, f/p - white imp
Aim: a white imp (moderately wounded, slow, 63% to hit)
You shoot a sling bullet.
The sling bullet hits the white imp but does no damage.
The white imp is moderately wounded.
You climb upwards.
Level annotation: 1 runed translucent door, themarg's ghost, amateur MiMo
There is a stone staircase leading down here.
Fire: a) +1 sling
Press: ? - help, Q - select action, (/) - cycle Shift-Dir - straight line, f - white imp
Aim: a white imp (moderately wounded, slow, 63% to hit)
You shoot a sling bullet. The sling bullet hits the white imp.
The white imp is heavily wounded.
The white imp gestures at you. The puff of frost hits you!
* * * LOW HITPOINT WARNING * * *
Fire: a) +1 sling
Press: ? - help, Q - select action, (/) - cycle Shift-Dir - straight line, f/p - white imp
Aim: a white imp (heavily wounded, slow, 63% to hit)
You shoot a sling bullet.
The sling bullet barely misses the white imp.
Things that are here:
a +0 scale mail; a +0 dagger You see here a +0 leather armour.
There is a stone staircase leading up, spattered with blood here.
There is a stone staircase leading down here.
You climb downwards.
Level annotation: Grinder The orc shouts!
You hear a shout!
The orc hits you with a +0 short sword. The orc closely misses you.
There is a stone staircase leading up here.
There are monsters nearby!
There are monsters nearby!
The orc hits you with a +0 short sword.
You climb upwards.
Level annotation: 1 runed translucent door, themarg's ghost, amateur MiMo
There is a stone staircase leading down here.
Casting: Slow (safe; 2% risk of failure)
Confirm with . or Enter, or press ? or * to list all spells.
Aiming: Slow (safe; 2% risk of failure)
Press: ? - help, Shift-Dir - straight line, f - orc
Aim: an orc, wielding a +0 short sword (chance to affect: 67%)
The orc struggles to resist.
The orc hits you with a +0 short sword.
Casting: Slow (safe; 2% risk of failure)
Confirm with . or Enter, or press ? or * to list all spells.
Aiming: Slow (safe; 2% risk of failure)
Press: ? - help, Shift-Dir - straight line, f/p - orc
Aim: an orc, wielding a +0 short sword (chance to affect: 67%)
The orc seems to slow down.
Fire: a) +1 sling
Press: ? - help, Q - select action, (/) - cycle Shift-Dir - straight line, f/p - orc
Aim: an orc, wielding a +0 short sword (slow, 63% to hit)
You shoot a sling bullet. The sling bullet hits the orc.
The orc is lightly wounded.
Fire: a) +1 sling
Press: ? - help, Q - select action, (/) - cycle Shift-Dir - straight line, f/p - orc
Aim: an orc, wielding a +0 short sword (lightly wounded, slow, 63% to hit)
You shoot a sling bullet.
The sling bullet closely misses the orc.
Fire: a) +1 sling
Press: ? - help, Q - select action, (/) - cycle Shift-Dir - straight line, f/p - orc
Aim: an orc, wielding a +0 short sword (lightly wounded, slow, 63% to hit)
You shoot a sling bullet. The sling bullet hits the orc!
You kill the orc!
Fire: a) +1 sling
Press: ? - help, Q - select action, (/) - cycle Shift-Dir - straight line, f - you Really target yourself?
Okay, then.
Unknown command.
HP restored.
Themarg's ghost turns its malevolent gaze towards you.
Could not explore, unopened runed door.
You see here a +0 club.
There is a stone staircase leading down here.
You climb downwards.
Level annotation: Grinder
Found an escape hatch in the floor.
Found a stone staircase leading down.
There is a stone staircase leading up here.
There is a stone staircase leading down here.
Found 5 stones.
A jackal comes into view.
The jackal barks!
A jackal comes into view. x2
There are monsters nearby!
You shoot a sling bullet. The sling bullet hits the jackal.
You kill the jackal!
The jackal barks! x2
You shoot a sling bullet. The sling bullet hits the jackal.
The jackal is lightly wounded.
You shoot a sling bullet.
The sling bullet barely misses the jackal.
You hear an angry hiss.
You shoot a sling bullet. The sling bullet hits the jackal!
You kill the jackal!
You shoot a sling bullet. The sling bullet hits the jackal.
The jackal is severely wounded.
You hear an angry hiss.
You shoot a sling bullet.
The sling bullet closely misses the jackal.
The jackal bites you.
An iguana comes into view.
The jackal completely misses you.
You shoot a sling bullet. The sling bullet hits the jackal.
You kill the jackal!
You shoot a sling bullet.
The sling bullet barely misses the iguana.
The iguana closely misses you.
You shoot a sling bullet. The sling bullet hits the iguana.
The iguana is moderately wounded.
The iguana bites you.
Casting: Slow (safe; 2% risk of failure)
Confirm with . or Enter, or press ? or * to list all spells.
Aiming: Slow (safe; 2% risk of failure)
Press: ? - help, Shift-Dir - straight line, f/p - iguana
Aim: an iguana (moderately wounded, chance to affect: 58%)
The iguana seems to slow down.
You shoot a sling bullet.
The sling bullet hits the iguana but does no damage.
The iguana is moderately wounded.
You shoot a sling bullet.
The sling bullet completely misses the iguana.
You shoot a sling bullet.
The sling bullet barely misses the iguana.
You shoot a sling bullet. The sling bullet hits the iguana.
The iguana is heavily wounded.
You shoot a sling bullet.
The sling bullet barely misses the iguana.
There is a stone staircase leading down here.
There is a stone staircase leading up here.
You shoot a sling bullet.
The sling bullet hits the iguana but does no damage.
The iguana is heavily wounded.
You shoot a sling bullet. The sling bullet hits the iguana.
The iguana is severely wounded.
You shoot a sling bullet.
The sling bullet barely misses the iguana.
You shoot a sling bullet.
The sling bullet hits the iguana but does no damage.
The iguana is severely wounded.
The iguana misses you.
You shoot a sling bullet. The sling bullet hits the iguana.
The iguana is almost dead.
You shoot a sling bullet. The sling bullet hits the iguana.
You kill the iguana!
No target in view!
No target in view!
Found a burning altar of Makhleb.
As you open the door, it creaks loudly!
There is an open door here.
You open the door.
There is an open door here.
q - 3 scrolls labelled NAEN HAJEVIM (gained 2)
You open the door.
There is an open door here.
There is an open door here.
You open the door.
There is an open door here.
Found a sling.
Found a stone staircase leading down.
B - a scroll labelled OMENE LYQIDAHI
C - an inky potion
Found a leather armour.
v - 2 scrolls labelled NUKHUI HARRENT (gained 1)
You see here a +0 leather armour.
You now have 261 gold pieces (gained 11).
You see here a +0 leather armour.
Found a stone staircase leading down.
You open the door.
There is an open door here.
You open the door.
There is an open door here.
You open the door.
There is an open door here.
You open the door.
An ogre comes into view. It is wielding a +0 giant club.
An ogre is nearby!
There is an open door here.
Casting: Slow (safe; 2% risk of failure)
Confirm with . or Enter, or press ? or * to list all spells.
Aiming: Slow (safe; 2% risk of failure)
Press: ? - help, Shift-Dir - straight line, f - ogre
Aim: an ogre, wielding a +0 giant club (chance to affect: 50%)
The ogre seems to slow down.
Fire: a) +1 sling
Press: ? - help, Q - select action, (/) - cycle Shift-Dir - straight line, f/p - ogre
Aim: an ogre, wielding a +0 giant club (slow, 77% to hit)
You shoot a sling bullet.
The sling bullet barely misses the ogre.
Fire: a) +1 sling
Press: ? - help, Q - select action, (/) - cycle Shift-Dir - straight line, f/p - ogre
Aim: an ogre, wielding a +0 giant club (slow, 77% to hit)
You shoot a sling bullet. The sling bullet hits the ogre!
The ogre is moderately wounded.
Fire: a) +1 sling
Press: ? - help, Q - select action, (/) - cycle Shift-Dir - straight line, f/p - ogre
Aim: an ogre, wielding a +0 giant club (moderately wounded, slow, 77% to hit)
You shoot a sling bullet. The sling bullet hits the ogre.
The ogre is moderately wounded.
Fire: a) +1 sling
Press: ? - help, Q - select action, (/) - cycle Shift-Dir - straight line, f/p - ogre
Aim: an ogre, wielding a +0 giant club (moderately wounded, slow, 77% to hit)
You shoot a sling bullet. The sling bullet hits the ogre.
The ogre is heavily wounded.
Fire: a) +1 sling
Press: ? - help, Q - select action, (/) - cycle Shift-Dir - straight line, f/p - ogre
Aim: an ogre, wielding a +0 giant club (heavily wounded, slow, 77% to hit)
You shoot a sling bullet. The sling bullet hits the ogre.
The ogre is severely wounded.
Fire: a) +1 sling
Press: ? - help, Q - select action, (/) - cycle Shift-Dir - straight line, f/p - ogre
Aim: an ogre, wielding a +0 giant club (severely wounded, slow, 77% to hit)
You shoot a sling bullet. The sling bullet hits the ogre.
The ogre is almost dead.
Fire: a) +1 sling
Press: ? - help, Q - select action, (/) - cycle Shift-Dir - straight line, f/p - ogre
Aim: an ogre, wielding a +0 giant club (almost dead, slow, 77% to hit)
You shoot a sling bullet.
The sling bullet barely misses the ogre.
Fire: a) +1 sling
Press: ? - help, Q - select action, (/) - cycle Shift-Dir - straight line, f/p - ogre
Aim: an ogre, wielding a +0 giant club (almost dead, slow, 77% to hit)
You shoot a sling bullet. The sling bullet hits the ogre.
The ogre is almost dead.
The ogre barely misses you.
Fire: a) +1 sling
Press: ? - help, Q - select action, (/) - cycle Shift-Dir - straight line, f/p - ogre
Aim: an ogre, wielding a +0 giant club (almost dead, slow, 77% to hit)
You shoot a sling bullet. The sling bullet hits the ogre.
The ogre is almost dead.
Fire: a) +1 sling
Press: ? - help, Q - select action, (/) - cycle Shift-Dir - straight line, f/p - ogre
Aim: an ogre, wielding a +0 giant club (almost dead, slow, 77% to hit)
You shoot a sling bullet. The sling bullet hits the ogre!
You kill the ogre!
Your Hexes skill increases to level 6!
You have reached level 7!
q - 4 scrolls labelled NAEN HAJEVIM (gained 1)
You open the door.
Found a burning altar of Makhleb.
There is an open door here.
There is an open door here.
You open the door.
There is an open door here.
You open the door.
There is an open door here.
You open the door.
There is an open door here.
D - a black potion You now have 272 gold pieces (gained 11).
You open the door.
There is an open door here.
f - 3 scrolls labelled WUEDWOAMIL (gained 1)
You open the door.
There is an open door here.
You open the door.
There is an open door here.
As you open the door, it creaks loudly!
The orc shouts!
You shoot a sling bullet.
The sling bullet hits the orc but does no damage.
No target in view!
There is an open door here.
An orc is nearby!
You shoot a sling bullet. The sling bullet hits the orc!
You kill the orc!
You hear a shout!
You shoot a sling bullet. The sling bullet hits the orc priest.
The orc priest is lightly wounded.
An orc priest is nearby!
Casting: Slow (safe; 1% risk of failure)
Confirm with . or Enter, or press ? or * to list all spells.
Aiming: Slow (safe; 1% risk of failure)
Press: ? - help, Shift-Dir - straight line, f/p - orc priest
Aim: an orc priest, wielding a +0 club (lightly wounded, chance to affect: 50%)
The orc priest seems to slow down.
There is an open door here.
Fire: a) +1 sling
Press: ? - help, Q - select action, (/) - cycle Shift-Dir - straight line, f/p - orc priest
Aim: an orc priest, wielding a +0 club (lightly wounded, slow, 63% to hit)
You shoot a sling bullet. The sling bullet hits the orc priest.
The orc priest is heavily wounded.
Fire: a) +1 sling
Press: ? - help, Q - select action, (/) - cycle Shift-Dir - straight line, f/p - orc priest
Aim: an orc priest, wielding a +0 club (heavily wounded, slow, 63% to hit)
You shoot a sling bullet. The sling bullet hits the orc priest.
The orc priest is heavily wounded.
Fire: a) +1 sling
Press: ? - help, Q - select action, (/) - cycle Shift-Dir - straight line, f - you Really target yourself? [Y]es or [N]o only, please.
Really target yourself? [Y]es or [N]o only, please.
Really target yourself?
Okay, then.
Fire: a) +1 sling
Press: ? - help, Q - select action, (/) - cycle Shift-Dir - straight line, f - orc priest
Aim: an orc priest, wielding a +0 club (heavily wounded, slow, 63% to hit)
You shoot a sling bullet. The sling bullet hits the orc priest.
The orc priest is almost dead.
Fire: a) +1 sling
Press: ? - help, Q - select action, (/) - cycle Shift-Dir - straight line, f/p - orc priest
Aim: an orc priest, wielding a +0 club (almost dead, slow, 63% to hit)
You shoot a sling bullet.
The sling bullet barely misses the orc priest.
Fire: a) +1 sling
Press: ? - help, Q - select action, (/) - cycle Shift-Dir - straight line, f/p - orc priest
Aim: an orc priest, wielding a +0 club (almost dead, slow, 63% to hit)
You shoot a sling bullet. The sling bullet hits the orc priest.
You kill the orc priest!
Unknown command.
You open the door.
There is an open door here.
There is an open door here.
There is an open door here.
There is an open door here.
There is an open door here.
There is an open door here.
You see here a +0 club.
There is an open door here.
Key pressed, stopping explore.
There is an open door here.
There is an open door here.
Partly explored, can't reach some items and places.
Partly explored, can't reach some items and places.
Partly explored, can't reach some items and places.
Partly explored, can't reach some items and places.
(D) Dungeon
Where to? (Enter - D:4 @ (x,y), ? - help)
There is a stone staircase leading down here.
You climb downwards.
There is a stone staircase leading up here.
A black bear comes into view.
Found a sacrificial altar of Ru.
A black bear is nearby!
A black bear is nearby!
Found a leather armour.
Found a sling.
You see here a +0 sling.
Found a stone staircase leading down.
(D) Dungeon
Where to? (Enter - D:6, ? - help)
Okay, then.
Found a stone staircase leading up.
Casting: Slow (safe; 1% risk of failure)
Confirm with . or Enter, or press ? or * to list all spells.
You don't know that spell.
Fire: a) +1 sling
Press: ? - help, Q - select action, (/) - cycle Shift-Dir - straight line, f - black bear
Aim: a black bear (asleep, 98% to hit)
You shoot a sling bullet. The sling bullet hits the black bear.
The black bear growls angrily.
The black bear is lightly wounded.
Casting: Slow (safe; 1% risk of failure)
Confirm with . or Enter, or press ? or * to list all spells.
You don't know that spell.
Fire: a) +1 sling
Press: ? - help, Q - select action, (/) - cycle Shift-Dir - straight line, f/p - black bear
Aim: a black bear (lightly wounded, 70% to hit)
You shoot a sling bullet. The sling bullet hits the black bear.
The black bear is lightly wounded.
Casting: Slow (safe; 1% risk of failure)
Confirm with . or Enter, or press ? or * to list all spells.
Aiming: Slow (safe; 1% risk of failure)
Press: ? - help, Shift-Dir - straight line, f/p - black bear
Aim: a black bear (lightly wounded, chance to affect: 50%)
The black bear seems to slow down.
Casting: Slow (safe; 1% risk of failure)
Confirm with . or Enter, or press ? or * to list all spells.
You don't know that spell.
Fire: a) +1 sling
Press: ? - help, Q - select action, (/) - cycle Shift-Dir - straight line, f/p - black bear
Aim: a black bear (lightly wounded, slow, 70% to hit)
You shoot a sling bullet. The sling bullet hits the black bear.
The black bear is moderately wounded.
Casting: Slow (safe; 1% risk of failure)
Confirm with . or Enter, or press ? or * to list all spells.
The spell is quite dangerous to miscast (22% risk of failure)!
Continue anyway?
Okay, then.
Fire: a) +1 sling
Press: ? - help, Q - select action, (/) - cycle Shift-Dir - straight line, f/p - black bear
Aim: a black bear (moderately wounded, slow, 70% to hit)
You shoot a sling bullet. The sling bullet hits the black bear.
The black bear is moderately wounded.
Fire: a) +1 sling
Press: ? - help, Q - select action, (/) - cycle Shift-Dir - straight line, f/p - black bear
Aim: a black bear (moderately wounded, slow, 70% to hit)
You shoot a sling bullet. The sling bullet hits the black bear!
The black bear is severely wounded.
Fire: a) +1 sling
Press: ? - help, Q - select action, (/) - cycle Shift-Dir - straight line, f/p - black bear
Aim: a black bear (severely wounded, slow, 70% to hit)
You shoot a sling bullet. The sling bullet hits the black bear.
The black bear is severely wounded.
Fire: a) +1 sling
Press: ? - help, Q - select action, (/) - cycle Shift-Dir - straight line, f/p - black bear
Aim: a black bear (severely wounded, slow, 70% to hit)
You shoot a sling bullet.
The sling bullet barely misses the black bear.
Fire: a) +1 sling
Press: ? - help, Q - select action, (/) - cycle Shift-Dir - straight line, f/p - black bear
Aim: a black bear (severely wounded, slow, 70% to hit)
You shoot a sling bullet.
The sling bullet barely misses the black bear.
Casting: Inner Flame (quite dangerous; 22% risk of failure)
Confirm with . or Enter, or press ? or * to list all spells.
Aiming: Slow (safe; 1% risk of failure)
Press: ? - help, Shift-Dir - straight line, f/p - black bear
Aim: a black bear (severely wounded, slow, chance to affect: 50%)
The black bear resists with significant effort.
Fire: a) +1 sling
Press: ? - help, Q - select action, (/) - cycle Shift-Dir - straight line, f/p - black bear
Aim: a black bear (severely wounded, slow, 70% to hit)
You shoot a sling bullet. The sling bullet hits the black bear.
The black bear is almost dead.
The black bear shakes off its lethargy.
The black bear goes berserk!
Fire: a) +1 sling
Press: ? - help, Q - select action, (/) - cycle Shift-Dir - straight line, f/p - black bear
Aim: a black bear (almost dead, berserk, 70% to hit)
You shoot a sling bullet. The sling bullet hits the black bear.
The black bear is almost dead.
The black bear bites you. The black bear claws you.
The black bear closely misses you.
Fire: a) +1 sling
Press: ? - help, Q - select action, (/) - cycle Shift-Dir - straight line, f/p - black bear
Aim: a black bear (almost dead, berserk, 70% to hit)
You shoot a sling bullet.
The sling bullet closely misses the black bear.
The black bear closely misses you. The black bear claws you.
The black bear claws you but does no damage.
The black bear bites you. The black bear completely misses you.
The black bear closely misses you.
Fire: a) +1 sling
Press: ? - help, Q - select action, (/) - cycle Shift-Dir - straight line, f/p - black bear
Aim: a black bear (almost dead, berserk, 70% to hit)
You shoot a sling bullet.
The sling bullet closely misses the black bear.
The black bear bites you. The black bear claws you.
* * * LOW HITPOINT WARNING * * *
The black bear barely misses you. x2; The black bear completely misses you.
The black bear barely misses you.
Really walk into that teleport trap?
You enter a teleport trap!
The teleport trap disappears.
Your surroundings suddenly seem different.
Found a runed mace and a robe.
Found a glowing silver altar of Zin.
You start resting.
You hear an angry growl. x4
HP restored.
You see here a +1 vorpal mace.
E - a wand of roots (13)
g - 9 scrolls labelled VUZEQ MAYHIATO (gained 1)
E - a wand of roots (23) (gained 10 charges)
F - an emerald potion You now have enough gold to buy a ring of poison resistance on D:2.
You can access your shopping list by pressing '$'.
You now have 287 gold pieces (gained 15).
Found 7 stones.
Found a stone staircase leading down.
g - 10 scrolls labelled VUZEQ MAYHIATO (gained 1)
There is a stone staircase leading down here.
The black bear growls angrily.
A black bear is nearby!
A black bear is nearby!
A black bear is nearby!
Casting: Slow (safe; 1% risk of failure)
Confirm with . or Enter, or press ? or * to list all spells.
Aiming: Slow (safe; 1% risk of failure)
Press: ? - help, Shift-Dir - straight line, f/p - black bear
Aim: a black bear (moderately wounded, chance to affect: 50%)
The black bear resists with significant effort.
Casting: Slow (safe; 1% risk of failure)
Confirm with . or Enter, or press ? or * to list all spells.
Aiming: Slow (safe; 1% risk of failure)
Press: ? - help, Shift-Dir - straight line, f/p - black bear
Aim: a black bear (moderately wounded, chance to affect: 50%)
The black bear seems to slow down.
Fire: a) +1 sling
Press: ? - help, Q - select action, (/) - cycle Shift-Dir - straight line, f/p - black bear
Aim: a black bear (moderately wounded, slow, 70% to hit)
You shoot a sling bullet.
The sling bullet hits the black bear but does no damage.
The black bear is moderately wounded.
Fire: a) +1 sling
Press: ? - help, Q - select action, (/) - cycle Shift-Dir - straight line, f/p - black bear
Aim: a black bear (moderately wounded, slow, 70% to hit)
You shoot a sling bullet.
The sling bullet barely misses the black bear.
Fire: a) +1 sling
Press: ? - help, Q - select action, (/) - cycle Shift-Dir - straight line, f/p - black bear
Aim: a black bear (moderately wounded, slow, 70% to hit)
You shoot a sling bullet.
The sling bullet closely misses the black bear.
Casting: Slow (safe; 1% risk of failure)
Confirm with . or Enter, or press ? or * to list all spells.
Aiming: Slow (safe; 1% risk of failure)
Press: ? - help, Shift-Dir - straight line, f/p - black bear
Aim: a black bear (moderately wounded, slow, chance to affect: 50%)
The black bear seems to slow down.
Fire: a) +1 sling
Press: ? - help, Q - select action, (/) - cycle Shift-Dir - straight line, f/p - black bear
Aim: a black bear (moderately wounded, slow, 70% to hit)
You shoot a sling bullet. The sling bullet hits the black bear.
The black bear is moderately wounded.
Fire: a) +1 sling
Press: ? - help, Q - select action, (/) - cycle Shift-Dir - straight line, f/p - black bear
Aim: a black bear (moderately wounded, slow, 70% to hit)
You shoot a sling bullet. The sling bullet hits the black bear!
The black bear is severely wounded.
Fire: a) +1 sling
Press: ? - help, Q - select action, (/) - cycle Shift-Dir - straight line, f/p - black bear
Aim: a black bear (severely wounded, slow, 70% to hit)
You shoot a sling bullet. The sling bullet hits the black bear.
The black bear is severely wounded.
Fire: a) +1 sling
Press: ? - help, Q - select action, (/) - cycle Shift-Dir - straight line, f/p - black bear
Aim: a black bear (severely wounded, slow, 70% to hit)
You shoot a sling bullet.
The sling bullet completely misses the black bear.
Fire: a) +1 sling
Press: ? - help, Q - select action, (/) - cycle Shift-Dir - straight line, f/p - black bear
Aim: a black bear (severely wounded, slow, 70% to hit)
You shoot a sling bullet.
The sling bullet barely misses the black bear.
The black bear shakes off its lethargy.
The black bear goes berserk!
The black bear rages.
Casting: Slow (safe; 1% risk of failure)
Confirm with . or Enter, or press ? or * to list all spells.
Aiming: Slow (safe; 1% risk of failure)
Press: ? - help, Shift-Dir - straight line, f/p - black bear
Aim: a black bear (severely wounded, berserk, chance to affect: 50%)
The black bear resists with significant effort.
Casting: Slow (safe; 1% risk of failure)
Confirm with . or Enter, or press ? or * to list all spells.
Aiming: Slow (safe; 1% risk of failure)
Press: ? - help, Shift-Dir - straight line, f/p - black bear
Aim: a black bear (severely wounded, berserk, chance to affect: 50%)
The black bear resists with significant effort.
The black bear bites you! The black bear completely misses you.
The black bear closely misses you.
Casting: Slow (safe; 1% risk of failure)
Confirm with . or Enter, or press ? or * to list all spells.
Aiming: Slow (safe; 1% risk of failure)
Press: ? - help, Shift-Dir - straight line, f/p - black bear
Aim: a black bear (severely wounded, berserk, chance to affect: 50%)
The black bear seems to slow down.
Fire: a) +1 sling
Press: ? - help, Q - select action, (/) - cycle Shift-Dir - straight line, f/p - black bear
Aim: a black bear (severely wounded, berserk, slow, 70% to hit)
You shoot a sling bullet.
The sling bullet barely misses the black bear.
Fire: a) +1 sling
Press: ? - help, Q - select action, (/) - cycle Shift-Dir - straight line, f/p - black bear
Aim: a black bear (severely wounded, berserk, slow, 70% to hit)
You shoot a sling bullet.
The sling bullet completely misses the black bear.
The black bear is no longer berserk.
Fire: a) +1 sling
Press: ? - help, Q - select action, (/) - cycle Shift-Dir - straight line, f/p - black bear
Aim: a black bear (severely wounded, slow, 70% to hit)
You shoot a sling bullet. The sling bullet hits the black bear.
The black bear is almost dead.
Fire: a) +1 sling
Press: ? - help, Q - select action, (/) - cycle Shift-Dir - straight line, f/p - black bear
Aim: a black bear (almost dead, slow, 70% to hit)
You shoot a sling bullet. The sling bullet hits the black bear.
The black bear is almost dead.
Fire: a) +1 sling
Press: ? - help, Q - select action, (/) - cycle Shift-Dir - straight line, f/p - black bear
Aim: a black bear (almost dead, slow, 70% to hit)
You shoot a sling bullet.
The sling bullet barely misses the black bear.
Fire: a) +1 sling
Press: ? - help, Q - select action, (/) - cycle Shift-Dir - straight line, f/p - black bear
Aim: a black bear (almost dead, slow, 70% to hit)
You shoot a sling bullet.
The sling bullet closely misses the black bear.
Fire: a) +1 sling
Press: ? - help, Q - select action, (/) - cycle Shift-Dir - straight line, f/p - black bear
Aim: a black bear (almost dead, slow, 70% to hit)
You shoot a sling bullet. The sling bullet hits the black bear.
You kill the black bear!
Your Ranged Weapons skill increases to level 7!
Fire: a) +1 sling
Press: ? - help, Q - select action, (/) - cycle Shift-Dir - straight line, f - you Really target yourself?
Okay, then.
You now have 308 gold pieces (gained 21).
Found a stone staircase leading up.
g - 11 scrolls labelled VUZEQ MAYHIATO (gained 1)
A black bear comes into view.
The black bear growls angrily.
A black bear is nearby!
You shoot a sling bullet. The sling bullet hits the black bear!
The black bear is moderately wounded.
You shoot a sling bullet. The sling bullet hits the black bear.
The black bear is heavily wounded.
You shoot a sling bullet. The sling bullet hits the black bear.
The black bear is heavily wounded.
Casting: Slow (safe; 1% risk of failure)
Confirm with . or Enter, or press ? or * to list all spells.
Aiming: Slow (safe; 1% risk of failure)
Press: ? - help, Shift-Dir - straight line, f/p - black bear
Aim: a black bear (heavily wounded, chance to affect: 51%)
The black bear resists with significant effort.
You shoot a sling bullet. The sling bullet hits the black bear!
The black bear is almost dead.
The black bear goes berserk!
Unknown command.
You shoot a sling bullet. The sling bullet hits the black bear.
The black bear is almost dead.
The black bear rages.
Casting: Slow (safe; 1% risk of failure)
Confirm with . or Enter, or press ? or * to list all spells.
Aiming: Slow (safe; 1% risk of failure)
Press: ? - help, Shift-Dir - straight line, f/p - black bear
Aim: a black bear (almost dead, berserk, chance to affect: 51%)
The black bear seems to slow down.
The black bear misses you. The black bear barely misses you.
The black bear misses you.
The black bear rages.
The black bear rages.
Fire: a) +1 sling
Press: ? - help, Q - select action, (/) - cycle Shift-Dir - straight line, f/p - black bear
Aim: a black bear (almost dead, berserk, slow, 70% to hit)
You shoot a sling bullet.
The sling bullet barely misses the black bear.
The black bear is no longer moving slowly.
Fire: a) +1 sling
Press: ? - help, Q - select action, (/) - cycle Shift-Dir - straight line, f/p - black bear
Aim: a black bear (almost dead, berserk, 70% to hit)
You shoot a sling bullet. The sling bullet hits the black bear.
You kill the black bear!
m - 2 scrolls labelled BELESY ODEYCO (gained 1)
Found an ornate altar of the Wu Jian Council.
A jelly comes into view.
A jelly is nearby!
You shoot a sling bullet. The sling bullet hits the jelly.
The jelly is lightly wounded.
You shoot a sling bullet. The sling bullet hits the jelly.
The jelly is lightly wounded.
You shoot a sling bullet. The sling bullet hits the jelly!
The jelly is severely wounded.
You shoot a sling bullet.
The sling bullet barely misses the jelly.
You shoot a sling bullet. The sling bullet hits the jelly!
You kill the jelly!
Your Hexes skill increases to level 7!
An orc comes into view. It is wielding a +0 club.
The orc shouts!
You hear a shout!
An orc is nearby!
An orc is nearby!
You shoot a sling bullet.
The sling bullet closely misses the orc.
You hear a shout!
An orc comes into view. It is wielding a +0 club.
An orc priest comes into view. It is wielding a +0 hand axe.
You shoot a sling bullet.
The sling bullet closely misses the orc.
The sling bullet hits the orc priest.
The orc priest is lightly wounded.
You shoot a sling bullet. The sling bullet hits the orc!
You kill the orc!
You shoot a sling bullet.
The sling bullet hits the orc but does no damage.
You shoot a sling bullet. The sling bullet hits the orc.
The orc is heavily wounded.
The orc priest calls upon Beogh to heal the orc.
The orc's wounds heal themselves!
You shoot a sling bullet. The sling bullet hits the orc!
You kill the orc!
The orc priest calls down the wrath of Beogh upon you.
Beogh smites you!
You are too injured to fight recklessly!
You start resting.
An orc priest is nearby!
Casting: Slow (safe; 1% risk of failure)
Confirm with . or Enter, or press ? or * to list all spells.
Aiming: Slow (safe; 1% risk of failure)
Press: ? - help, Shift-Dir - straight line, f - orc priest
Aim: an orc priest, wielding a +0 hand axe and wearing a +0 scale mail (lightly wounded, chance to affect: 52%)
The orc priest resists with significant effort.
Casting: Slow (safe; 1% risk of failure)
Confirm with . or Enter, or press ? or * to list all spells.
Aiming: Slow (safe; 1% risk of failure)
Press: ? - help, Shift-Dir - straight line, f/p - orc priest
Aim: an orc priest, wielding a +0 hand axe and wearing a +0 scale mail (lightly wounded, chance to affect: 52%)
The orc priest seems to slow down.
Fire: a) +1 sling
Press: ? - help, Q - select action, (/) - cycle Shift-Dir - straight line, f/p - orc priest
Aim: an orc priest, wielding a +0 hand axe and wearing a +0 scale mail (lightly wounded, slow, 66% to hit)
You shoot a sling bullet. The sling bullet hits the orc priest.
The orc priest is lightly wounded.
Fire: a) +1 sling
Press: ? - help, Q - select action, (/) - cycle Shift-Dir - straight line, f/p - orc priest
Aim: an orc priest, wielding a +0 hand axe and wearing a +0 scale mail (lightly wounded, slow, 66% to hit)
You shoot a sling bullet. The sling bullet hits the orc priest.
The orc priest is moderately wounded.
The orc priest calls down the wrath of Beogh upon you.
You resist with significant effort.
Fire: a) +1 sling
Press: ? - help, Q - select action, (/) - cycle Shift-Dir - straight line, f/p - orc priest
Aim: an orc priest, wielding a +0 hand axe and wearing a +0 scale mail (moderately wounded, slow, 66% to hit)
You shoot a sling bullet. The sling bullet hits the orc priest!
You kill the orc priest!
Magic restored.
HP restored.
You now have 311 gold pieces (gained 3).
Things that are here:
a +0 hand axe; a +0 scale mail; an orc corpse An orc priest comes into view.
It is wielding a +0 short sword.
The orc priest shouts!
An orc priest is nearby!
An orc priest is nearby!
Casting: Slow (safe; 1% risk of failure)
Confirm with . or Enter, or press ? or * to list all spells.
Aiming: Slow (safe; 1% risk of failure)
Press: ? - help, Shift-Dir - straight line, f - orc priest
Aim: an orc priest, wielding a +0 short sword and wearing a +0 chain mail (chance to affect: 52%)
The orc priest resists with significant effort.
The orc priest mumbles some strange prayers to Beogh against you.
Beogh smites you!
Casting: Slow (safe; 1% risk of failure)
Confirm with . or Enter, or press ? or * to list all spells.
Aiming: Slow (safe; 1% risk of failure)
Press: ? - help, Shift-Dir - straight line, f/p - orc priest
Aim: an orc priest, wielding a +0 short sword and wearing a +0 chain mail (chance to affect: 52%)
The orc priest seems to slow down.
Fire: a) +1 sling
Press: ? - help, Q - select action, (/) - cycle Shift-Dir - straight line, f/p - orc priest
Aim: an orc priest, wielding a +0 short sword and wearing a +0 chain mail (slow, 70% to hit)
You shoot a sling bullet.
The sling bullet hits the orc priest but does no damage.
Fire: a) +1 sling
Press: ? - help, Q - select action, (/) - cycle Shift-Dir - straight line, f/p - orc priest
Aim: an orc priest, wielding a +0 short sword and wearing a +0 chain mail (slow, 70% to hit)
You shoot a sling bullet.
The sling bullet hits the orc priest but does no damage.
Fire: a) +1 sling
Press: ? - help, Q - select action, (/) - cycle Shift-Dir - straight line, f/p - orc priest
Aim: an orc priest, wielding a +0 short sword and wearing a +0 chain mail (slow, 70% to hit)
You shoot a sling bullet. The sling bullet hits the orc priest.
The orc priest is moderately wounded.
Fire: a) +1 sling
Press: ? - help, Q - select action, (/) - cycle Shift-Dir - straight line, f/p - orc priest
Aim: an orc priest, wielding a +0 short sword and wearing a +0 chain mail (moderately wounded, slow, 70% to hit)
You shoot a sling bullet.
The sling bullet hits the orc priest but does no damage.
The orc priest is moderately wounded.
Fire: a) +1 sling
Press: ? - help, Q - select action, (/) - cycle Shift-Dir - straight line, f/p - orc priest
Aim: an orc priest, wielding a +0 short sword and wearing a +0 chain mail (moderately wounded, slow, 70% to hit)
You shoot a sling bullet.
The sling bullet hits the orc priest but does no damage.
The orc priest is moderately wounded.
The orc priest calls down the wrath of Beogh upon you.
Beogh smites you!
* * * LOW HITPOINT WARNING * * *
The orc priest invokes the aid of Beogh against you.
Beogh smites you!
You die...

#.#
#.#...........##.##.#.#...
####.#
#.#......##......##.#..#..
)....#
#.#..#######.######....>..
###### #..##.....##.#
####.### # #...........##
#.#.. # ##...≈≈......# #
##. # ##...≈≈..♣♣..## #.
########........♣♣...# #.
......##........@....##.
#.
#####.##..##.._.........
#. #.##..##.....≈≈..##. ..
#.##.........≈≈..#
#.###....##.....## #.#
#....##.....#. #)#
##............# #o#
###...o.######
#...)...##.###


You could see an orc priest (slow).

Vanquished Creatures
  2 black bears (D:6)
  An ogre (D:5)
  2 scorpions
  A hound (D:4)
  2 orc priests
  3 jellies
  Ijyb (D:4)
  2 iguanas
  3 orc wizards
  5 adders
  An ufetubus (D:4)
  A worm (D:2)
  3 dart slugs
  10 orcs
  9 ball pythons
  13 bats
  6 endoplasms
  A giant cockroach (D:1)
  8 goblins
  7 hobgoblins
  10 jackals
  2 quokkas
  3 frilled lizards (D:1)
  2 kobolds
  6 rats
104 creatures vanquished.

Vanquished Creatures (others)
  3 fungi (D:3)
  2 plants (D:3)
5 creatures vanquished.

Grand Total: 109 creatures vanquished

Notes
Turn   | Place    | Note
-------+----------+-------------------------------------------
     0 | D:1      | sleeves the Spriggan Hexslinger began the quest for the
                  | Orb.
     0 | D:1      | Reached XP level 1. HP: 9/9 MP: 3/3
   271 | D:1      | Reached XP level 2. HP: 14/14 MP: 5/5
   315 | D:1      | Reached skill level 3 in Ranged Weapons
   747 | D:2      | Reached XP level 3. HP: 17/17 MP: 6/6
   866 | D:2      | Found Bario's Antique Armour Boutique.
   869 | D:2      | Found Zykhlob's Jewellery Shoppe.
   944 | D:2      | Found Eheufen's Assorted Antiques.
   982 | D:2      | Found Ciykinou's Antique Weapon Emporium.
  1311 | D:2      | Reached skill level 4 in Ranged Weapons
  1336 | D:2      | Found Iphuele's Book Emporium.
  1633 | D:3      | Found a shimmering altar of Xom.
  1771 | D:3      | Found a blossoming altar of Fedhas.
  1796 | D:3      | HP: 8/17 [poisoned by an adder]
  1801 | D:3      | HP: 6/17 [poisoned by an adder]
  1913 | D:3      | Reached XP level 4. HP: 21/21 MP: 7/7
  1945 | D:3      | Found Afeus's Antique Weapon Shoppe.
  2064 | D:3      | Found a bloodstained altar of Trog.
  2064 | D:3      | Found a white marble altar of Elyvilon.
  2506 | D:3      | Found a radiant altar of Vehumet.
  2570 | D:3      | Found an opulent altar of Gozag.
  2677 | D:4      | Noticed Ijyb
  2935 | D:4      | Reached skill level 5 in Ranged Weapons
  3004 | D:4      | Noticed themarg's ghost (amateur MiMo)
  3011 | D:4      | Found a runed translucent door.
  3058 | D:4      | Reached XP level 5. HP: 25/25 MP: 6/8
  3062 | D:4      | Learned a level 3 spell: Inner Flame
  3079 | D:4      | Found a broken altar of Ashenzari.
  3255 | D:4      | Reached skill level 4 in Hexes
  3312 | D:4      | Found a sparkling altar of Nemelex Xobeh.
  3472 | D:4      | Killed Ijyb
  3473 | D:4      | Reached XP level 6. HP: 27/29 MP: 4/9
  3876 | D:5      | Entered Level 5 of the Dungeon
  3908 | D:4      | Reached skill level 6 in Ranged Weapons
  3908 | D:4      | Reached skill level 5 in Hexes
  3979 | D:5      | Found a basalt altar of Yredelemnul.
  4103 | D:5      | Noticed Grinder
  4172 | D:5      | HP: 10/29 [orc priest/divine providence (11)]
  4394 | D:5      | HP: 11/29 [white imp/puff of frost (7)]
  4486 | D:4      | HP: 11/29 [white imp/puff of frost (10)]
  4749 | D:5      | Found a burning altar of Makhleb.
  4941 | D:5      | Reached skill level 6 in Hexes
  4941 | D:5      | Reached XP level 7. HP: 32/32 MP: 10/10
  4968 | D:5      | Found a burning altar of Makhleb.
  5195 | D:6      | Found a sacrificial altar of Ru.
  5250 | D:6      | HP: 16/32 [black bear (3)]
  5251 | D:6      | Found a glowing silver altar of Zin.
  5536 | D:6      | Reached skill level 7 in Ranged Weapons
  5689 | D:6      | Found an ornate altar of the Wu Jian Council.
  5698 | D:6      | Reached skill level 7 in Hexes
  5856 | D:6      | HP: 10/32 [orc priest/divine providence (12)]
  5858 | D:6      | Killed from afar by an orc priest

Illustrated notes

Levels and vault maps discovered:
D:1:      eino_arrival_water_star, layout_loops_ring
D:2:      layout_loops_corners, serial_shops, nicolae_shop_waterfront,
          shop_statue, nicolae_shop_waterfront, nicolae_shop_statue_plus, shop
D:3:      layout_basic, fedhas_altar_3, mainiacjoe_overflow_alcove_1,
          lemuel_doored_altar, fiery_altar_vehumet,
          mainiacjoe_overflow_large_starburst, serial_shops,
          nicolae_shop_advertising_works [nicolae_subvault_shop_adworks]
D:4:      layout_loops_ring, nemelex_diamond_rough_becter,
          nicolae_ashenzari_panopticon, hellmonk_ghost_happy_afterlife,
          nrook_mini_backslash, roderic_batcave, uniq_ijyb
D:5:      nicolae_cairo_tiling_large, layout_cave_pools, lightli_temple_of_fire,
          hangedman_feature_mirror, uniq_eustachio, uniq_grinder
D:6:      layout_basic, zin_academy, lemuel_tele_altar,
          nicolae_wu_jian_wuxing_cycle

Skill      XL: |  1  2  3  4  5  6  7 |
---------------+----------------------+-----
Ranged Weapons | 3 4 5 6 7 |  7.4
Hexes          | 4 6 7 |  7.1
Fighting       | |  0.7
Dodging        | |  2.6
Spellcasting   | |  1.3

Action                   |  1- 3 |  4- 6 |  7- 9 || total
-------------------------+-------+-------+-------++-------
 Fire: Sling             |   126 |   265 |    61 ||   452
 Cast: Slow              |    12 |    37 |    15 ||    64
       Inner Flame       |       |     1 |       ||     1
Armor: Robe              |     6 |     9 |     1 ||    16
Dodge: Dodged            |    27 |   115 |    13 ||   155

Table legend: (Time is in decaauts)
 A = Elapsed time spent in this place.
 B = Non-inter-level travel time spent in this place.
 C = Inter-level travel time spent in this place.
 D = Time resting spent in this place.
 E = Time spent auto-exploring this place.
 F = Levels seen in this place.
 G = Mean time per level.
                   A        B        C        D        E       F      G
               +--------+--------+--------+--------+--------+-----+--------+
         Total |   4101 |   3888 |    213 |    206 |   2588 |   6 |  683.5 |
       Dungeon |   4101 |   3888 |    213 |    206 |   2588 |   6 |  683.5 |
               +--------+--------+--------+--------+--------+-----+--------+

Top non-repeatable levels by time:
     D:4: 1166 daAuts
     D:3: 724 daAuts
     D:2: 625 daAuts
     D:5: 606 daAuts
     D:1: 494 daAuts
     D:6: 485 daAuts
